 Dungeon Sprint DCSS version 0.29.1-15-g9cfb28693d (webtiles) character file.

Game seed: 14163096083481998006

0 Ast3rio the Chopper (level 2, 0/28 HPs)
             Began as a Minotaur Berserker on Mar 15, 2023.
             Was a Believer of Trog.
             Slain by Jessica
             ... wielding a +0 club
              (1 damage)
             ... in the Dungeon (Sprint VI: "Thunderdome").
             The game lasted 00:01:00 (89 turns).

Ast3rio the Chopper (Minotaur Berserker)              Turns: 89, Time: 00:01:00

Health: 0/28       AC:  2    Str: 21    XL:     2   Next: 17%
Magic:  1/1        EV: 12    Int:  4    God:    Trog [**....]
Gold:   200        SH:  0    Dex:  9    Spells: 1/1 levels left

rFire   . . .      SeeInvis .   a - +0 hand axe
rCold   . . .      Faith    .   (no shield)
rNeg    . . .      Spirit   .   b - +0 animal skin
rPois   .          Reflect  .   (helmet restricted)
rElec   .          Harm     .   (no cloak)
rCorr   .          Rampage  .   (no gloves)
Will    .....      NoTele   +   (no boots)
Stlth   +.........              (no amulet)
HPRegen 0.09/turn               (no ring)
MPRegen 0.07/turn               (no ring)

@: on berserk cooldown, slowed, very slow
A: horns 2, retaliatory headbutt
a: Renounce Religion, Berserk, Trog's Hand


You were in the Dungeon.
You worshipped Trog.
Trog was pleased with you.
You visited 1 branch You collected 200 gold pieces.

Inventory:

Hand Weapons
 a - a +0 hand axe (weapon)
Armour
 b - a +0 animal skin (worn)
Wands
 j - a wand of quicksilver (5)
 k - a wand of roots (5)
Scrolls
 h - 4 scrolls of blinking
 l - 3 scrolls of fog
Potions
 c - a potion of curing
 d - 4 potions of heal wounds
 e - 4 potions of haste
 f - 2 potions of magic
 g - a potion of berserk rage
 i - a potion of resistance


   Skills:
 + Level 4.9 Fighting
 + Level 4.9 Axes
 + Level 3.0 Armour
 + Level 2.7 Dodging


You had one spell level left.
You didn't know any spells.
Your spell library was empty.

Dungeon Overview and Level Annotations

Branches:
Dungeon (1/1)

Altars:
Cheibriados
Gozag
Kikubaaqudgha
Makhleb
Qazlal
Ru
Trog
Vehumet
Wu Jian
Xom
Yredelemnul
Zin
The Shining One

Shops:
D *[???:(

Annotations:
D Jessica


Innate Abilities, Weirdness & Mutations

You have a pair of horns on your head.
You reflexively headbutt those who attack you in melee.


Message History

You are too injured to fight recklessly!
You are too injured to fight recklessly!
You are too injured to fight recklessly!
You are too injured to fight recklessly!
You are too injured to fight recklessly!
You are too injured to fight recklessly!
You are too injured to fight recklessly!
You are too injured to fight recklessly!
You are too injured to fight recklessly!
You are too injured to fight recklessly!
You are too injured to fight recklessly!
You are too injured to fight recklessly!
You are too injured to fight recklessly!
You are too injured to fight recklessly!
You are too injured to fight recklessly!
You are too injured to fight recklessly!
You are too injured to fight recklessly!
Unknown command.
You hit Jessica but do no damage. Jessica hits you with a +0 club.
* * * LOW HITPOINT WARNING * * *
You barely miss Jessica. You headbutt Jessica.
Jessica is severely wounded.
Jessica casts a spell.
Jessica blinks!
A red film seems to cover your vision as you go berserk!
You feel yourself moving faster!
You feel mighty!
You feel a strong urge to attack something.
Jessica gestures at you while chanting. Pain shoots through your body!
* * * LOW HITPOINT WARNING * * *
50...
You feel your anger nearly subside. Jessica barely misses you.
You are no longer berserk.
You are exhausted.
You feel yourself slow down. Jessica barely misses you.
You barely miss Jessica.
Jessica is severely wounded.
Jessica hits you with a +0 club.
You die...

###.........###
#⌠...........⌠#
######.8.........8.##
##..._......###......_
###∩........8.# #.8.....
##.............###.......
#⌠..........###...###....
#⌠..........# #.<.# ....
#⌠.....@@...###...# ....
##..........)..###.. ....
###∩...)....8.# .8.. ..
##∩.__......# ......
######.8.........8.#
#⌠...........⌠#
###.........### #_.......
#_.......


You could see Jessica.

Vanquished Creatures
  An adder (D)
  A goblin (D)
  A kobold (D)
3 creatures vanquished.

Notes
Turn   | Place    | Note
-------+----------+-------------------------------------------
     0 | D        | Ast3rio the Minotaur Berserker began the quest for the Orb.
     0 | D        | Reached XP level 1. HP: 19/19 MP: 0/0
     1 | D        | Found a shimmering altar of Xom.
     1 | D        | Found a snail-covered altar of Cheibriados.
     2 | D        | Found a burning altar of Makhleb.
     2 | D        | Found a bloodstained altar of Trog.
     3 | D        | Found a stormy altar of Qazlal.
     3 | D        | Found a sacrificial altar of Ru.
     4 | D        | Found a glowing golden altar of the Shining One.
     4 | D        | Found an ancient bone altar of Kikubaaqudgha.
     4 | D        | Found Betylamn's Staff Store.
     4 | D        | Found Hisulaexi's Magic Scroll Shop.
     5 | D        | Found Idokkaan's Must-Have Magic.
     5 | D        | Found Biykh's Magic Scroll Shop.
     5 | D        | Round 1.
    23 | D        | Found an ornate altar of the Wu Jian Council.
    27 | D        | Found Fismeuh's Jewellery.
    28 | D        | Found Cunk's Advanced Armour.
    29 | D        | Found a radiant altar of Vehumet.
    29 | D        | Found a glowing silver altar of Zin.
    29 | D        | Found Wugh's Identification Station.
    44 | D        | Found an opulent altar of Gozag.
    46 | D        | Found a basalt altar of Yredelemnul.
    51 | D        | Reached XP level 2. HP: 26/28 MP: 1/1
    70 | D        | Reached ** piety under Trog
    76 | D        | Noticed Jessica
    85 | D        | HP: 1/42 [Jessica/nerve-wracking pain (7)]
    89 | D        | Slain by Jessica

Illustrated notes

Levels and vault maps discovered:
D:        arena_sprint

Skill      XL: |  1  2 |
---------------+-------+-----
Fighting       | 4 |  4.9
Axes           | 4 |  4.9
Armour         | 3 |  3.0
Dodging        | |  2.7

Action                   || total
-------------------------++-------
Melee: Hand axe          ||    10
       Headbutt          ||     1
Invok: Berserk           ||     1
Armor: Animal skin       ||     5
Dodge: Dodged            ||     6
